 Dungeon Crawl Stone Soup version 0.28.0-45-g0d030f2227 (webtiles) character file.

Game seed: 10287895076709708238

1 McKennaii the Conjurer (level 1, 0/13 HPs)
             Began as a Demonspawn Conjurer on Apr 12, 2022.
             Slain by a goblin
             ... wielding a +0 club
              (1 damage)
             ... on level 1 of the Dungeon.
             The game lasted 00:00:05 (27 turns).

McKennaii the Conjurer (Demonspawn Conjurer)          Turns: 27, Time: 00:00:06

Health: 0/13       AC:  2    Str:  7    XL:     1   Next: 16%
Magic:  1/3        EV: 12    Int: 19    God:
Gold:   0          SH:  0    Dex: 11    Spells: 3/4 levels left

rFire   . . .      SeeInvis .   (no weapon)
rCold   . . .      Faith    .   (no shield)
rNeg    . . .      Spirit   .   a - +0 robe
rPois   .          Reflect  .   (no helmet)
rElec   .          Harm     .   (no cloak)
rCorr   .          Rampage  .   (no gloves)
Will    .....                   (no boots)
Stlth   ++........              (no amulet)
HPRegen 0.04/turn               (no ring)
MPRegen 0.08/turn               (no ring)

@: no status effects
A: no striking features
a: no special abilities


You were on level 1 of the Dungeon.
You visited 1 branch of the dungeon, and saw 1 of its levels.

Inventory:

Armour
 a - a +0 robe (worn)


   Skills:
 - Level 1.7 Dodging
 - Level 1.7 Stealth
 + Level 2.0 Spellcasting
 + Level 4.0 Conjurations


You had 3 spell levels left.
You knew the following spells:

 Your Spells              Type           Power      Damage    Failure   Level
a - Magic Dart            Conj           68%        1d6       3%          1

Your spell library contained the following spells:

 Spells                   Type           Power      Damage    Failure   Level
 Searing Ray              Conj           34%        2d5       4%          2
 Dazzling Flash           Conj/Hex       18%        N/A       22%         3
 Fulminant Prism          Conj/Hex       4%         3d6       58%         4
 Iskenderun's Mystic Bla  Conj/Tloc      9%         2d4       58%         4


Dungeon Overview and Level Annotations

Branches:
Dungeon (1/15)

Altars:


Message History

There are monsters nearby!
The magic dart hits the bat.
The bat is moderately wounded.
A bat comes into view.
The bat hits you but does no damage.
There are monsters nearby!
You are too depleted to draw on your mana recklessly!
There are monsters nearby!
You are too depleted to draw on your mana recklessly!
There are monsters nearby!
A hobgoblin comes into view.
Found a scroll labelled JISUG EGIMITIA.
Found a stone staircase leading down.
The bat barely misses you.
Found a stone staircase leading down.
The bat hits you but does no damage.
You hit the bat.
The bat is moderately wounded.
The bat misses you.
You closely miss the hobgoblin. The bat hits you.
The hobgoblin hits you but does no damage.
You miss the goblin. The bat barely misses you.
The goblin hits you but does no damage. The hobgoblin hits you.
The bat hits you. The goblin hits you with a +0 club. The hobgoblin hits you.
The bat barely misses you.
You are too injured to fight recklessly!
You barely miss the goblin. The goblin hits you with a +0 club.
You hit the goblin.
The goblin is moderately wounded.
The goblin hits you with a +0 club.
* * * LOW HITPOINT WARNING * * *
You closely miss the goblin.
The goblin is moderately wounded.
The goblin hits you but does no damage.
You closely miss the goblin.
The goblin is moderately wounded.
The goblin hits you with a +0 club.
* * * LOW HITPOINT WARNING * * *
You closely miss the goblin.
The goblin is moderately wounded.
The goblin hits you with a +0 club.
You die...

#.. .. ### #.# #.
######<###### #.#.†
#...........# #?#b
#+####'####+# #.. #
.............# #.###.###.
##..........####g........
#...........@gJb......>.
#.........######...#...#
#.........# #...# .
...........# #.?.#
##.......... ......
###....#.### ....#..
###..#.# ........ .....
.>..##...


You could see an endoplasm, a hobgoblin, a goblin and a bat.

Vanquished Creatures
  A ball python (D:1)
  A rat (D:1)
2 creatures vanquished.

Notes
Turn   | Place    | Note
-------+----------+-------------------------------------------
     0 | D:1      | McKennaii the Demonspawn Conjurer began the quest for the
                  | Orb.
     0 | D:1      | Reached XP level 1. HP: 13/13 MP: 3/3
    27 | D:1      | Slain by a goblin

Illustrated notes

Levels and vault maps discovered:
D:1:      minmay_arrival_three_doors, layout_rooms, minmay_indecisive_spiral

Action                   || total
-------------------------++-------
Melee: Unarmed           ||     8
 Cast: Magic Dart        ||     3
Armor: Robe              ||     5
Dodge: Dodged            ||     4
